 Dungeon Crawl Stone Soup version 0.24-a0-92-g7d8ec57 (webtiles) character file.

Game seed: 17892325687943910857

1444 AMisBAD the Cutter (level 9, -6/68 HPs)
             Began as a Formicid Arcane Marksman on Feb 9, 2019.
             Killed by divine providence
             ... invoked by an orc priest
              (12 damage)
             ... on level 5 of the Dungeon.
             The game lasted 00:23:34 (10939 turns).

AMisBAD the Cutter (Formicid Arcane Marksman)      Turns: 10939, Time: 00:23:36

Health: -6/68      AC:  6    Str: 15    XL:     9   Next: 4%
Magic:  10/10      EV: 12    Int: 16    God:
Gold:   276        SH:  0    Dex: 11    Spells: 0/10 levels left

rFire    . . .     SeeInvis +   b - +0 short sword
rCold    . . .     Gourm    .   (no shield)
rNeg     + . .     Faith    .   o - +0 leather armour
rPois    +         Spirit   .   (helmet unavailable)
rElec    .         Reflect  .   l - +1 cloak
rCorr    .         Harm     .   (no gloves)
MR       .....                  j - +0 pair of boots
Stlth    +++.......             (no amulet)
HPRegen  0.21/turn              w - ring of Attitude {SInv Stlth+}
MPRegen  0.12/turn              y - ring of positive energy

@: no status effects
A: permanent stasis, dig shafts and tunnels, four strong arms, antennae 3,
clever 1, poison resistance, weak 1, evolution 1, sturdy frame 1
a: Dig, Shaft Self


You were on level 5 of the Dungeon.
You were not hungry.

You visited 2 branches of the dungeon, and saw 7 of its levels.

You collected 276 gold pieces.

Inventory:

Hand Weapons
 a - a +0 hand crossbow
 b - a +0 short sword (weapon)
Missiles
 d - 11 bolts
Armour
 e - a +0 shield
 j - a +0 pair of boots (worn)
 l - a +1 cloak (worn)
 o - a +0 leather armour (worn)
Jewellery
 t - an uncursed ring of protection from magic
 w - the ring of Attitude (left hand) {SInv Stlth+}
   (You found it on level 5 of the Dungeon)

   [ring of see invisible]

   It lets you see invisible.
   It makes you more stealthy.
 y - a ring of positive energy (right hand)
Wands
 v - a wand of enslavement (5)
 x - a wand of clouds (5)
Scrolls
 c - a scroll of amnesia {unknown}
 h - a scroll of magic mapping {unknown}
 n - 6 scrolls of teleportation {unknown}
 p - a scroll of enchant armour {unknown}
 q - 3 scrolls of remove curse {unknown}
 r - 6 scrolls of identify {unknown}
 s - a scroll of fear {unknown}
 z - a scroll of enchant weapon {unknown}
Potions
 g - a potion of haste
 i - a potion of magic {unknown}
 k - 2 potions of curing
 m - a potion of mutation
 u - 2 potions of heal wounds
Comestibles
 f - 7 rations
 A - a chunk of flesh


   Skills:
 + Level 5.1 Fighting
 * Level 6.7 Short Blades
 - Level 3.3 Crossbows
 - Level 2.5 Armour
 - Level 2.8 Dodging
 + Level 3.8 Stealth
 - Level 1.1 Spellcasting
 - Level 5.1 Hexes
 - Level 0.4 Evocations


You couldn't memorise any spells.
You knew the following spells:

 Your Spells              Type           Power        Failure   Level  Hunger
a - Corona                Hex            ###....      3%          1    ##.....
b - Slow                  Hex            ###.....     4%          2    ###....
c - Portal Projectile     Hex/Tloc       #.....       26%         3    ####...
d - Cause Fear            Hex            ###.......   28%         4    #####..

Your spell library contained the following spells:

 Spells                   Type           Power        Failure   Level  Hunger
 Inner Flame              Hex/Fire       #.......     26%         3    ####...
 Leda's Liquefaction      Hex/Erth       #.........   63%         4    #####..


Dungeon Overview and Level Annotations

Branches:
Dungeon (6/15)             Temple (1/1) D:4

Altars:
Cheibriados
Elyvilon
Fedhas
Kikubaaqudgha
Makhleb
Qazlal
Ru
Sif Muna
Trog
Uskayaw
Yredelemnul
Zin
The Shining One
Lugonu

Annotations:
D:4 exclusion: door
D:5 Dowan, Duvessa, Edmund


Innate Abilities, Weirdness & Mutations

You cannot be hasted, slowed, berserked, paralysed or teleported.
You can dig through walls and to a lower floor.
Your four strong arms can wield two-handed weapons with a shield.
You have a pair of large antennae on your head. (SInv)
Your mind is acute. (Int +2)
Your system is resistant to poisons. (rPois)
You are weak. (Str -2)
You evolve.
Your movements are slightly less encumbered by armour. (ER -2)


Message History

You struggle against the net.
The gnoll sergeant hits you from afar with a +0 trident!
You shred the net and break free! Dowan gestures at you while chanting.
The puff of flame hits you!
* * * LOW HITPOINT WARNING * * *
The gnoll sergeant hits you but does no damage.
The gnoll barely misses you. The gnoll hits you.
* * * LOW HITPOINT WARNING * * *
The gnoll sergeant hits you from afar with a +0 trident!
* * * LOW HITPOINT WARNING * * *
You are no longer glowing.
The orc priest looks encouraged for a moment.
The orc priest begins to cast a cantrip, but forgets the words!
The orc priest invokes the aid of Beogh against you.
Pain shoots through your body!
* * * LOW HITPOINT WARNING * * *
The orc priest mumbles some strange prayers to Beogh against you.
Beogh smites you!
You die...

#.# #.# #.......# #.#
#.###.####..#
#.#####.....# #..# #
#...........####..##.#
###########..........#
#.####..#### #..>....#
#.####.## ###@# #.# ###
###.g.# #.# ##.##
#.....# #.#
##{#{####o#.#.####.#
####{###e.............#
......#.####.#.#.######
###e...## #.....#
#...## ###.###
###...########.#


You could see an orc priest and a gnoll.

Vanquished Creatures
  Grinder (D:3)
  A sky beast (D:4)
  An ice beast (D:5)
  2 ogres (D:5)
  2 centaurs
  A bullfrog (D:6)
  A howler monkey (D:6)
  A bullfrog zombie (D:5)
  3 hounds
  A centaur skeleton (D:4)
  An orc priest (D:2)
  4 orc wizards
  4 worker ants
  2 worker ant zombies
  2 gnolls (D:4)
  6 adders
  A shadow imp (D:6)
  2 adder skeletons
  2 worms
  2 dart slugs (D:1)
  4 leopard geckos
  20 orcs
  2 giant cockroaches
  7 goblins
  5 hobgoblins
  6 jackals
  14 kobolds
  5 quokkas
  4 ball pythons
  A ball python zombie (D:5)
  7 bats
  6 frilled lizards
  A jackal zombie (D:6)
  2 leopard gecko skeletons (D:3)
  A leopard gecko zombie (D:3)
  2 quokka skeletons
  6 rats
133 creatures vanquished.

Notes
Turn   | Place    | Note
-------+----------+-------------------------------------------
     0 | D:1      | AMisBAD the Formicid Arcane Marksman began the quest for
                  | the Orb.
     0 | D:1      | Reached XP level 1. HP: 15/15 MP: 2/2
   232 | D:1      | Reached XP level 2. HP: 21/21 MP: 3/3
   236 | D:1      | Learned a level 2 spell: Slow
   373 | D:1      | Reached skill level 1 in Short Blades
  1067 | D:1      | Reached XP level 3. HP: 26/26 MP: 4/4
  1592 | D:1      | Reached skill level 2 in Short Blades
  2008 | D:2      | Reached XP level 4. HP: 23/33 MP: 2/5
  2420 | D:2      | Found a hide-covered altar of Uskayaw.
  2420 | D:2      | Found a stormy altar of Qazlal.
  3403 | D:2      | Reached skill level 3 in Short Blades
  3403 | D:2      | Reached XP level 5. HP: 11/39 MP: 2/6
  3753 | D:2      | Learned a level 3 spell: Portal Projectile
  4643 | D:3      | Reached XP level 6. HP: 39/47 MP: 7/7
  4775 | D:3      | Reached skill level 4 in Short Blades
  5182 | D:3      | Noticed Grinder
  5200 | D:3      | Killed Grinder
  5200 | D:3      | Reached skill level 1 in Armour
  5200 | D:3      | Reached XP level 7. HP: 22/53 MP: 5/8
  6305 | D:4      | Found a staircase to the Ecumenical Temple.
  6353 | D:4      | Gained mutation: You evolve. [potion of mutation]
  6353 | D:4      | Gained mutation: You are weak. (Str -2) [potion of
                  | mutation]
  6353 | D:4      | Gained mutation: Your movements are slightly less
                  | encumbered by armour. (ER -2) [potion of mutation]
  6760 | D:4      | Found a deep blue altar of Sif Muna.
  6995 | Temple   | Entered the Ecumenical Temple
  7066 | D:4      | Found a glowing silver altar of Zin.
  7066 | D:4      | Found a white marble altar of Elyvilon.
  7066 | D:4      | Found a glowing golden altar of the Shining One.
  7134 | D:5      | Entered Level 5 of the Dungeon
  7165 | D:5      | Reached skill level 5 in Short Blades
  7165 | D:5      | Reached skill level 5 in Hexes
  7291 | D:5      | Reached XP level 8. HP: 35/60 MP: 6/9
  8202 | D:5      | Noticed Edmund
  8470 | D:5      | Gained mutation: Your system is resistant to poisons.
                  | (rPois) [evolution]
  8541 | D:4      | Reached skill level 6 in Short Blades
  9546 | D:5      | Reached skill level 1 in Stealth
  9962 | D:5      | Got a faintly glowing ivory ring
 10053 | D:5      | Noticed Duvessa
 10053 | D:5      | Noticed Dowan
 10164 | D:6      | HP: 3/61 [centaur (9)]
 10165 | D:6      | HP: 1/61 [centaur (2)]
 10378 | D:6      | Gained mutation: Your mind is acute. (Int +2) [evolution]
 10647 | D:6      | Reached skill level 5 in Fighting
 10700 | D:6      | Reached XP level 9. HP: 60/68 MP: 5/10
 10717 | D:6      | Identified the ring of Attitude {SInv Stlth+} (You found it
                  | on level 5 of the Dungeon)
 10883 | D:5      | Learned a level 4 spell: Cause Fear
 10939 | D:5      | Killed from afar by an orc priest

Levels and vault maps discovered:
D:1:      shiori_arrival_maze, layout_loops_ring
D:2:      minmay_angry_zag, layout_basic, gammafunk_temple_overflow_elements
D:3:      layout_rooms, serial_undead, serial_undead_e, serial_undead_d,
          serial_undead_b, serial_undead_e, first_ration, uniq_grinder
D:4:      layout_loops_ring, good_gods_mini_temple, led_sif_book,
          minmay_temple_entry_stoned_glass
D:5:      layout_loops_ring, gammafunk_ghost_cemetery, uniq_duvessa, uniq_edmund
D:6:      layout_loops_ring
Temple:   corrupted_temple

Skill      XL: |  1  2  3  4  5  6  7  8 |
---------------+-------------------------+-----
Short Blades   | 1 2 3 4 5 6 |  6.7
Fighting       | 2 3 4 5 |  5.1
Hexes          | 4 5 |  5.1
Armour         | 1 2 |  2.5
Crossbows      | 3 |  3.3
Dodging        | 2 |  2.8
Stealth        | 3 |  3.8
Spellcasting   | |  1.1
Evocations     | |  0.4

Action                   |  1- 3 |  4- 6 |  7- 9 || total
-------------------------+-------+-------+-------++-------
Melee: Dagger            |    38 |       |       ||    38
       Short sword       |    64 |   236 |   507 ||   807
 Fire: Hand crossbow     |    23 |    25 |    27 ||    75
 Cast: Corona            |     5 |     6 |    19 ||    30
       Slow              |     6 |    13 |    32 ||    51
  Use: Potion            |       |       |     3 ||     3
 Stab: Sleeping          |     1 |     1 |     3 ||     5
  Eat: Chunk             |     4 |     9 |     9 ||    22
       Ration            |       |     1 |     4 ||     5
Armor: Robe              |    24 |    47 |       ||    71
       Leather armour    |       |    49 |   102 ||   151
Dodge: Dodged            |    98 |   171 |   242 ||   511

Table legend:
 A = Non-vault XP
 B = Vault XP
 C = Vault XP percentage of total XP
 D = Non-vault monster count
 E = Vault monster count
 F = Vault count percentage of total count
                 A         B        C        D         E       F
            +---------+---------+-------+---------+---------+-------
      Total |    1748 |     315 |  15.3 |     122 |      11 |   8.3
            +---------+---------+-------+---------+---------+-------
        D:1 |      46 |       2 |   4.2 |      25 |       2 |   7.4
        D:2 |     183 |      18 |   9.0 |      28 |       4 |  12.5
        D:3 |      51 |     295 |  85.3 |      18 |       5 |  21.7
        D:4 |     439 |       0 |   0.0 |      22 |       0 |   0.0
        D:5 |     697 |       0 |   0.0 |      14 |       0 |   0.0
        D:6 |     332 |       0 |   0.0 |      15 |       0 |   0.0
            +---------+---------+-------+---------+---------+-------
